 Dungeon Crawl Stone Soup version 0.31-a0-408-gb642c7f9a3 (webtiles) character file.

Game seed: 13661469612466296632

367 LeprechaunX the Ruffian (level 6, 0/63 HPs)
             Began as an Octopode Shapeshifter on July 30, 2023.
             Slain by a steam dragon (3 damage)
             ... on level 4 of the Dungeon.
             The game lasted 00:04:04 (3135 turns).

LeprechaunX the Ruffian (Octopode Shapeshifter)     Turns: 3135, Time: 00:04:05

Health: 0/63       AC: 23    Str: 16    XL:     6   Next: 69%
Magic:  6/6        EV:  2    Int: 10    God:
Gold:   195        SH:  0    Dex: 13    Spells: 5/5 levels left

rFire   . .          .
                       - Unarmed
rCold   . . .        (no shield)
rNeg    . . .        (helmet currently unavailable)
rPois   +            (no amulet)
rElec   .            q - +5 ring of evasion
rCorr   .            (no ring)
SInv    .            (no ring)
Will    .....        (no ring)
Stlth   +            (no ring)
HPRegen 0.30/turn    (no ring)
MPRegen 0.10/turn    (no ring)
                     (no ring)

%: no passive effects
@: tree-form
A: stationary, stasis, torment immunity, boosted hp, almost no armour,
(amphibious), 8 rings, (camouflage 1), (gelatinous body 1), (nimble swimmer 1),
(tentacles)
a: no special abilities


You were on level 4 of the Dungeon.
You were a tree.
You visited 1 branch of the dungeon, and saw 4 of its levels.

You collected 195 gold pieces.

Inventory:

Hand Weapons
 a - the +9 longbow "Upeton" {drain, rF- Str+2 SInv}
   (You found it on level 4 of the Dungeon)

   Str:       It affects your strength (+2).
   rF:        It makes you vulnerable to fire.
   SInv:      It lets you see invisible.
Missiles
 h - a throwing net
 r - 4 boomerangs
Jewellery
 q - a +5 ring of evasion (left branch)
Talismans
 b - a beast talisman
Wands
 s - a wand of flame (9)
Scrolls
 c - a scroll of fear {unknown}
 d - a scroll of identify {unknown}
 e - 3 scrolls of revelation {unknown}
 f - 3 scrolls of fog {unknown}
 j - a scroll of teleportation {unknown}
 k - a scroll of immolation {unknown}
 l - a scroll of silence {unknown}
 m - 2 scrolls of amnesia {unknown}
 o - a scroll of enchant weapon {unknown}
 p - a scroll of noise {unknown}
 t - a scroll of enchant armour {unknown}
 u - a scroll of poison {unknown}
 v - a scroll of brand weapon {unknown}
Potions
 g - a potion of curing {unknown}
 i - a potion of enlightenment {unknown}
 n - a potion of haste {unknown}


   Skills:
 + Level 3.2 Fighting
 - Level 2.0 Dodging
 * Level 5.5 Unarmed Combat
 + Level 4.0 Shapeshifting


You had 5 spell levels left.
You didn't know any spells.
Your spell library was empty.

Dungeon Overview and Level Annotations

Branches:
Dungeon (4/15)
 Temple: D:4-7

Altars:
Dithmenos


Innate Abilities, Weirdness & Mutations

You are a tree.
Your roots penetrate the ground, keeping you stationary.
You cannot be teleported.
You are immune to unholy pain and torment.
Your maximum health is greatly increased.
You cannot wear most types of armour.
((You are amphibious.))
You can wear up to eight rings at the same time.
((Your skin changes colour to match your surroundings (Stealth+).))
((Your rubbery body absorbs attacks. (AC +1, EV +1)))
((You are camouflaged when in or above water. (Stealth+)))
((You have tentacles for arms and can constrict up to eight enemies at once.))


Message History

The steam dragon breathes steam at you. The ball of steam hits you!
You barely miss the steam dragon.
You are engulfed in a cloud of scalding steam.
The steam dragon closely misses you. The steam dragon misses you.
You are engulfed in a cloud of scalding steam.
* * * LOW HITPOINT WARNING * * *
The steam dragon bites you!
* * * LOW HITPOINT WARNING * * *
The steam dragon closely misses you.
The steam dragon attacks as you move away!
The steam dragon barely misses you. The steam dragon closely misses you.
Really quaff the potion of lignification?
Your transformation has ended.
You turn into a tree.
Your roots penetrate the ground.
The steam dragon bites you but does no damage.
The steam dragon claws you but does no damage.
You hit the steam dragon but do no damage.
The steam dragon bites you but does no damage.
The steam dragon claws you but does no damage.
You hit the steam dragon.
The steam dragon is moderately wounded.
The steam dragon breathes steam at you. The ball of steam hits you.
* * * LOW HITPOINT WARNING * * *
You hit the steam dragon.
The steam dragon is moderately wounded.
You are engulfed in a cloud of scalding steam.
The steam dragon bites you but does no damage.
The steam dragon claws you but does no damage.
You barely miss the steam dragon.
The steam dragon is moderately wounded.
You are engulfed in a cloud of scalding steam.
* * * LOW HITPOINT WARNING * * *
The steam dragon bites you but does no damage.
The steam dragon claws you but does no damage.
You hit the steam dragon but do no damage.
The steam dragon is moderately wounded.
The steam dragon bites you.
You die...

#....##.................
#................#......
######...............#...).#
#..##................#######
#...##...#.#........## #
#.....##.#.#........# #
##..........§##......#
#......###.§§##......#
##..#..####§♣####..#.##
##.#..#.###D##..#.##.#
##......§......#.##.##
#...###..##.........+ ##.##
##.##.........# #.#
###.......#.## ###
#.........### ##..........#
............#


You could see a steam dragon.

Vanquished Creatures
  An ogre (D:4)
  An orc priest (D:3)
  2 sleepcaps
  Ijyb (D:3)
  Terence (D:2)
  5 adders
  A worm (D:3)
  A dart slug (D:1)
  6 orcs
  8 bats
  11 endoplasms
  3 giant cockroaches
  14 goblins
  4 hobgoblins
  3 jackals (D:1)
  7 kobolds
  2 quokkas
  8 ball pythons
  3 frilled lizards
  2 rats (D:2)
84 creatures vanquished.

Notes
Turn   | Place    | Note
-------+----------+-------------------------------------------
     0 | D:1      | LeprechaunX the Octopode Shapeshifter began the quest for
                  | the Orb.
     0 | D:1      | Reached XP level 1. HP: 13/13 MP: 1/1
   103 | D:1      | Reached XP level 2. HP: 18/18 MP: 2/2
   374 | D:1      | Reached XP level 3. HP: 22/23 MP: 3/3
   727 | D:1      | Found a faded altar of an unknown god.
  1040 | D:2      | Noticed Terence
  1048 | D:2      | Killed Terence
  1049 | D:2      | Reached skill level 4 in Unarmed Combat
  1049 | D:2      | Reached XP level 4. HP: 5/29 MP: 4/4
  1380 | D:2      | Identified the +5 ring mail of Cowardice {rElec rPois rF+}
  1843 | D:3      | Found a shadowy altar of Dithmenos.
  1912 | D:3      | Reached XP level 5. HP: 34/35 MP: 5/5
  1999 | D:3      | Noticed Ijyb
  2031 | D:3      | Killed Ijyb
  2069 | D:3      | Identified the +1 robe of the Blessed Realm {*Corrode Drain
                  | Regen+ Int+8}
  2082 | D:3      | Reached skill level 5 in Unarmed Combat
  2554 | D:4      | Reached XP level 6. HP: 30/41 MP: 6/6
  2662 | D:4      | Noticed a steam dragon
  2881 | D:4      | Identified the +9 longbow "Upeton" {drain, rF- Str+2 SInv}
  3134 | D:4      | HP: 3/63 [steam dragon] (2)]
  3135 | D:4      | Slain by a steam dragon

Illustrated notes

Levels and vault maps discovered:
D:1:      dpeg_arrival_fog, layout_basic, shapermc_ecumenical_altar_hornbeckon
D:2:      layout_basic, minmay_strange_pillars, minivault_26,
          grunt_ministairs_6, uniq_terence
D:3:      kennysheep_the_goblin_king, layout_basic,
          nicolae_dithmenos_the_darkroom, hex_large, kennysheep_generic_room_14,
          uniq_ijyb
D:4:      minmay_octagon_keep, layout_cave_pools, temple_doors_ab

Skill      XL: |  1  2  3  4  5  6 |
---------------+-------------------+-----
Fighting       | 2 3 |  3.2
Unarmed Combat | 4 5 |  5.5
Shapeshifting  | 4 |  4.0
Dodging        | |  2.0

Action                     |  1- 3 |  4- 6 || total
---------------------------+-------+-------++-------
  Melee: Unarmed           |    54 |   110 ||   164
         Tentacles         |    12 |    17 ||    29
         Constrict         |    12 |    22 ||    34
         Punch             |     2 |     7 ||     9
    Use: Potion            |       |     1 ||     1
   Stab: Sleeping          |     9 |     2 ||    11
 Armour: Skin              |     5 |    11 ||    16
  Dodge: Dodged            |    18 |    77 ||    95

Table legend: (Time is in decaauts)
 A = Elapsed time spent in this place.
 B = Non-inter-level travel time spent in this place.
 C = Inter-level travel time spent in this place.
 D = Time resting spent in this place.
 E = Time spent auto-exploring this place.
 F = Levels seen in this place.
 G = Mean time per level.
                   A        B        C        D        E       F      G
               +--------+--------+--------+--------+--------+-----+--------+
         Total |   3119 |   2935 |    184 |     66 |   2359 |   4 |  779.8 |
       Dungeon |   3119 |   2935 |    184 |     66 |   2359 |   4 |  779.8 |
               +--------+--------+--------+--------+--------+-----+--------+

Top non-repeatable levels by time:
     D:2: 956 daAuts
     D:3: 859 daAuts
     D:1: 808 daAuts
     D:4: 495 daAuts
